 Dungeon Crawl Stone Soup version 0.28-a0-1518-gbe868bca14 (webtiles) character file.

Game seed: 14140188027439896445

522 fragbeetle the Insei (level 7, 0/57 HPs)
             Began as a Pale Draconian Transmuter on Jan 17, 2022.
             Slain by Pikel (3 damage)
             ... on level 4 of the Dungeon.
             The game lasted 00:07:09 (3675 turns).

fragbeetle the Insei (Pale Draconian Transmuter)    Turns: 3675, Time: 00:07:10

Health: 0/57       AC:  2    Str: 12    XL:     7   Next: 1%
Magic:  7/10       EV: 20    Int: 14    God:
Gold:   102        SH:  0    Dex: 18    Spells: 6/10 levels left

rFire   . . .      SeeInvis .     - Unarmed
rCold   . . .      Faith    .   (shield currently unavailable)
rNeg    . . .      Spirit   .   (armour unavailable)
rPois   x          Reflect  .   (helmet currently unavailable)
rElec   .          Harm     .   (cloak currently unavailable)
rCorr   .          Rampage  .   (gloves currently unavailable)
Will    .....                   (boots currently unavailable)
Stlth   +.........              (no amulet)
HPRegen 0.19/turn               (no ring)
MPRegen 0.12/turn               (no ring)

@: confused, spider-form (expiring)
A: venomous fangs, (breathe steam), AC +6, tiny, unfitting armour,
(cold-blooded), (steam resistance)
a: End Transformation


You were on level 4 of the Dungeon.
You were a venomous arachnid creature.
You visited 1 branch of the dungeon, and saw 5 of its levels.

You collected 217 gold pieces.
You spent 115 gold pieces at shops.

Inventory:

Hand Weapons
 t - a +0 hunting sling
Missiles
 b - 36 sling bullets
 j - 46 stones
 q - a throwing net
 v - 3 poisoned darts
Armour
 c - a +2 cloak (melded)
Jewellery
 e - an amulet of reflection
Wands
 h - a wand of mindburst (22)
Scrolls
 a - 2 scrolls of immolation
 f - a scroll of fear {unknown}
 g - 4 scrolls of identify
 i - a scroll of amnesia {unknown}
 k - 3 scrolls of teleportation
 l - a scroll of fog
 m - a scroll of magic mapping
 n - 4 scrolls of vulnerability {unknown}
 o - a scroll of acquirement {unknown}
Potions
 d - a potion of curing
 p - a potion of heal wounds {unknown}
 r - a potion of might {unknown}
 s - a potion of degeneration {unknown}
 u - 2 potions of brilliance {unknown}
 w - a potion of attraction {unknown}


   Skills:
 + Level 3.1 Fighting
 + Level 3.0 Dodging
 * Level 5.0 Unarmed Combat
 - Level 2.0 Spellcasting
 * Level 4.5 Transmutations
 + Level 1.9 Poison Magic


You had 6 spell levels left.
You knew the following spells:

 Your Spells              Type           Power      Damage    Failure   Level
a - Beastly Appendage     Tmut           28%        N/A       12%         1
b - Spider Form           Tmut/Pois      10%        N/A       38%         3

Your spell library contained the following spells:

 Spells                   Type           Power      Damage    Failure   Level
 Wereblood                Tmut           14%        N/A       16%         2
 Passwall                 Tmut/Erth      5%         N/A       32%         2
 Sandblast                Erth           2%         2d4       45%         1
 Stone Arrow              Conj/Erth      2%         3d7       77%         3
 Ice Form                 Ice/Tmut       7%         N/A       85%         4
 Freezing Cloud           Conj/Ice/Air   0%         6-21      100%        5
 Simulacrum               Ice/Necr       0%         N/A       100%        6
 Polar Vortex             Ice            0%         N/A       100%        9


Dungeon Overview and Level Annotations

Branches:
Dungeon (5/15)
 Temple: D:4-7

Altars:

Shops:
D:3 ?

Annotations:
D:4 Pikel


Innate Abilities, Weirdness & Mutations

You are a venomous arachnid creature.
You have poisonous fangs.
You are tiny and dextrous.
Your spellcasting is less reliable in this form.
Your armour is entirely melded.
You are incapable of wielding weapons or throwing items.
((You can breathe blasts of scalding, opaque steam.))
((Your pale cyan-grey scales are hard. (AC +6)))
You cannot fit into any form of body armour.
((You are cold-blooded and may be slowed by cold attacks.))
((You are immune to the effects of steam.))


Message History

Pikel freezes you.
You bump into the rock wall.
Pikel hits you with a +2 whip of freezing.
Pikel freezes you.
You miss Pikel.
Pikel says, "You'll rust in Dis!"
Pikel completely misses you.
You bump into the rock wall.
You feel less confused.
Pikel hits you with a +2 whip of freezing!
* * * LOW HITPOINT WARNING * * *
Pikel freezes you.
* * * LOW HITPOINT WARNING * * *
You feel better.
Pikel zaps a wand.
You resist with some effort.
Pikel says, "Hell isn't that bad."
Pikel completely misses you.
You climb upwards.
There is a stone staircase leading down here.
You hit Pikel.
Pikel is poisoned.
Pikel is lightly wounded.
Pikel hits you with a +2 whip of freezing!
* * * LOW HITPOINT WARNING * * *
Pikel freezes you.
* * * LOW HITPOINT WARNING * * *
Casting: Spider Form (dangerous; 38% risk of failure)
Confirm with . or Enter, or press ? or * to list all spells.
Okay, then.
Unknown command.
You feel better.
Your transformation is almost over.
Pikel completely misses you.
Pikel cracks his whip.
Pikel looks more healthy.
Pikel zaps a wand.
Your will is overpowered!
You are confused.
You're too confused to move!
Pikel zaps a wand.
Your will is overpowered!
You are more confused.
Pikel hits you with a +2 whip of freezing!
* * * LOW HITPOINT WARNING * * *
Pikel freezes you.
You die...

...'.# #.....#
...#.# #.....#
.#.#.### ##..###
...#...##### ##.#
####.......#####.#
.....###.........#
###### ####......#
####...# ###s## #K.#
##.### #.#.####
##...>..###
##.........########
##..................
#.............#####.
##.............# ##.


You could see Pikel.

Vanquished Creatures
  A sky beast (D:4)
  An ogre (D:5)
  A necrophage (D:4)
  A centaur skeleton (D:4)
  An iguana (D:4)
  3 orc wizards
  A howler monkey skeleton (D:4)
  3 adders
  4 worms
  2 dart slugs
  5 orcs
  5 ball pythons
  5 bats
  5 endoplasms
  8 giant cockroaches
  9 hobgoblins
  3 jackals (D:3)
  3 frilled lizards
  5 goblins
  8 kobolds
  5 rats
79 creatures vanquished.

Notes
Turn   | Place    | Note
-------+----------+-------------------------------------------
     0 | D:1      | fragbeetle the Draconian Transmuter began the quest for the
                  | Orb.
     0 | D:1      | Reached XP level 1. HP: 16/16 MP: 3/3
   146 | D:1      | Reached XP level 2. HP: 14/23 MP: 3/5
   803 | D:1      | Reached XP level 3. HP: 24/29 MP: 6/6
  1670 | D:2      | Found a faded altar of an unknown god.
  1886 | D:3      | Reached XP level 4. HP: 34/36 MP: 5/7
  1923 | D:3      | Found Sioch's Magic Scroll Shop.
  1936 | D:3      | Bought a scroll of identify for 22 gold pieces
  1936 | D:3      | Bought a scroll of fog for 22 gold pieces
  1936 | D:3      | Bought a scroll of teleportation for 33 gold pieces
  1936 | D:3      | Bought a scroll of magic mapping for 38 gold pieces
  2133 | D:3      | Learned a level 3 spell: Spider Form
  2439 | D:4      | Reached skill level 4 in Unarmed Combat
  2461 | D:4      | Reached XP level 5. HP: 32/41 MP: 8/8
  2847 | D:4      | Reached skill level 1 in Poison Magic
  2916 | D:4      | Noticed a necrophage
  2927 | D:4      | Killed a necrophage
  2928 | D:4      | Reached XP level 6. HP: 44/50 MP: 6/9
  3415 | D:4      | Noticed a sky beast
  3425 | D:4      | Killed a sky beast
  3636 | D:5      | Entered Level 5 of the Dungeon
  3643 | D:5      | Reached skill level 5 in Unarmed Combat
  3643 | D:5      | Your scales start taking on a pale cyan-grey colour.
  3643 | D:5      | Reached XP level 7. HP: 41/57 MP: 6/10
  3643 | D:5      | Gained mutation: You are immune to the effects of steam.
                  | [Pale Draconian growth]
  3647 | D:5      | Noticed Pikel
  3675 | D:4      | Slain by Pikel

Illustrated notes

Levels and vault maps discovered:
D:1:      nicolae_arrival_memento_mori, layout_basic
D:2:      layout_basic, ebering_ecumenical_altar_rust
D:3:      layout_basic, serial_shops, nicolae_square_shop
D:4:      layout_cave_pods, kennysheep_small_square
D:5:      layout_loops_corners, nicolae_gozag_cash_rules_everything_around_me,
          nicolae_ashenzari_skybound, lemuel_temple_firewalk_b, uniq_pikel

Skill      XL: |  1  2  3  4  5  6 |
---------------+-------------------+-----
Dodging        | 2 3 |  3.0
Fighting       | 2 3 |  3.1
Transmutations | 3 4 |  4.5
Unarmed Combat | 4 5 |  5.0
Poison Magic   | 1 |  1.9
Spellcasting   | |  2.0

Action                   |  1- 3 |  4- 6 |  7- 9 || total
-------------------------+-------+-------+-------++-------
Melee: Unarmed           |   118 |   126 |     3 ||   247
       Kick              |    18 |    28 |       ||    46
       Headbutt          |    12 |    16 |       ||    28
       Tailslap          |     9 |    14 |       ||    23
       Punch             |     2 |     3 |       ||     5
 Cast: Beastly Appendage |    31 |    16 |       ||    47
       Spider Form       |       |     4 |     1 ||     5
  Use: Scroll            |       |     2 |       ||     2
       Potion            |       |       |     2 ||     2
Armor: Skin              |    39 |    46 |       ||    85
Dodge: Dodged            |    55 |    64 |     3 ||   122

Table legend: (Time is in decaauts)
 A = Elapsed time spent in this place.
 B = Non-inter-level travel time spent in this place.
 C = Inter-level travel time spent in this place.
 D = Time resting spent in this place.
 E = Time spent auto-exploring this place.
 F = Levels seen in this place.
 G = Mean time per level.
                   A        B        C        D        E       F      G
               +--------+--------+--------+--------+--------+-----+--------+
         Total |   3659 |   3581 |     78 |     86 |   2758 |   5 |  731.8 |
       Dungeon |   3659 |   3581 |     78 |     86 |   2758 |   5 |  731.8 |
               +--------+--------+--------+--------+--------+-----+--------+

Top non-repeatable levels by time:
     D:4: 1290 daAuts
     D:1: 1075 daAuts
     D:2: 679 daAuts
     D:3: 587 daAuts
     D:5: 27 daAuts
